 Dungeon Crawl Stone Soup version 0.31.0 (webtiles) character file.

Game seed: 16619277352612305621

21 Arex the Trooper (level 2, -5/27 HPs)
             Began as a Minotaur Berserker on Jan 20, 2024.
             Was a Follower of Trog.
             Slain by Natasha (8 damage)
             ... on level 2 of the Dungeon.
             The game lasted 00:01:00 (553 turns).

Arex the Trooper (Minotaur Berserker)                Turns: 553, Time: 00:01:00

Health: -5/27      AC:  2    Str: 21    XL:     2   Next: 65%
Magic:  1/1        EV: 10    Int:  4    God:    Trog [*.....]
Gold:   20         SH:  6    Dex:  9    Spells: 1/1 levels left

rFire   . . .        a - +0 hand axe
rCold   . . .        c - +0 kite shield
rNeg    . . .        b - +0 animal skin
rPois   .            (helmet restricted)
rElec   .            (no cloak)
rCorr   .            (no gloves)
SInv    .            (no boots)
Will    ++...        (no amulet)
Stlth   +            (no ring)
HPRegen 1.24/turn    (no ring)
MPRegen 0.07/turn

%: no passive effects
@: strong-willed, regenerating, slowed, very slow
A: horns 2, retaliatory headbutt
a: Renounce Religion, Berserk


You were on level 2 of the Dungeon.
You worshipped Trog.
Trog was aware of your devotion.
You visited 1 branch of the dungeon, and saw 2 of its levels.

You collected 20 gold pieces.

Inventory:

Hand Weapons
 a - a +0 hand axe (weapon)
Armour
 b - a +0 animal skin (worn)
 c - a +0 kite shield (worn)
 h - a +0 helmet
Scrolls
 e - a scroll of brand weapon {unknown}
 g - a scroll of blinking {unknown}
Potions
 d - a potion of magic {unknown}
 f - a potion of attraction {unknown}


   Skills:
 + Level 4.1 Fighting
 + Level 4.1 Axes
 + Level 2.6 Armour
 + Level 2.4 Dodging


You had one spell level left.
You didn't know any spells.
Your spell library was empty.

Dungeon Overview and Level Annotations

Branches:
Dungeon (2/15)

Altars:

Annotations:
D:2 Natasha


Innate Abilities, Weirdness & Mutations

You have a pair of horns on your head.
You reflexively headbutt those who attack you in melee.


Message History

You are too injured to fight recklessly!
You are too injured to fight recklessly!
You are too injured to fight recklessly!
You are too injured to fight recklessly!
You are too injured to fight recklessly!
You are too injured to fight recklessly!
You are too injured to fight recklessly!
You are too injured to fight recklessly!
You are too injured to fight recklessly!
You are too injured to fight recklessly!
You are too injured to fight recklessly!
Unknown command.
You fail to use your ability.
Natasha stares at you and mumbles some strange words.
You resist with significant effort. The cerulean imp misses you.
You completely miss Natasha.
Natasha is almost dead.
Natasha claws you but does no damage. You block the cerulean imp's attack.
Natasha casts a spell.
The cerulean imp barely misses you.
You barely miss Natasha.
Natasha is almost dead.
The cerulean imp hits you from afar with a +1 spear.
Natasha stares at you and mumbles some strange words.
You feel yourself slow down.
You barely miss Natasha. Your headbutt misses Natasha.
Natasha is almost dead.
You block the cerulean imp's attack.
Natasha stares at you and mumbles some strange words.
The magic dart hits you!
* * * LOW HITPOINT WARNING * * *
Natasha casts a spell at you.
You feel as though you will be slow longer.
You block the cerulean imp's attack.
Your skin crawls.
You feel strong-willed.
You can no longer call upon Trog for regeneration and willpower.
You block the cerulean imp's attack. Natasha claws you!
You die...
Natasha curls up and begins to purr.

##......######...#
...........<....>..####
.)........#...#.....†..
...#####.#....#.#..###
# #.#...#.#..........<#
#.#.#...#.#.##.#.######
...#..P#.#....#.......
#.#####....##########
#...@hr5##.#
######5###.########
###.# #......... #)..#
########## #.### ...
..h.. #..... #.r...


You could see Natasha, 2 cerulean imps and a quokka.

Vanquished Creatures
  2 ball pythons (D:1)
  An endoplasm (D:1)
  2 giant cockroaches (D:1)
  A goblin (D:1)
  3 hobgoblins
  3 kobolds (D:1)
  A quokka (D:1)
  2 bats (D:1)
  4 rats
19 creatures vanquished.

Notes
Turn   | Place    | Note
-------+----------+-------------------------------------------
     0 | D:1      | Arex the Minotaur Berserker began the quest for the Orb.
     0 | D:1      | Reached XP level 1. HP: 19/19 MP: 0/0
    87 | D:1      | Reached XP level 2. HP: 26/27 MP: 1/1
   448 | D:1      | Reached ** piety under Trog
   534 | D:2      | Noticed Natasha
   552 | D:2      | HP: 1/27 [Natasha/magic dart (9)]
   553 | D:2      | Slain by Natasha

Illustrated notes

Levels and vault maps discovered:
D:1:      nzn_arrival_crosshair, layout_basic, serial_park_tiny_pond,
          nrook_campfire, kennysheep_minor_cross
D:2:      layout_basic, serial_shops, shop_fountains, shop, serial_aquarium,
          aquarium_bridge_square [aquarium_subvault_bridge,
          aquarium_subvault_wall, aquarium_subvault_bridge,
          aquarium_subvault_wall], aquarium_window_1, aquarium_window_fake,
          aquarium_view_2d, aquarium_balcony_3a, aquarium_pool_1, uniq_natasha

Skill      XL: |  1  2 |
---------------+-------+-----
Fighting       | 4 |  4.1
Axes           | 4 |  4.1
Armour         | |  2.6
Dodging        | |  2.4

Action                     || total
---------------------------++-------
  Melee: Hand axe          ||    35
         Headbutt          ||     2
 Invoke: Trog's Hand       ||     1
 Armour: Animal skin       ||    20
  Dodge: Dodged            ||    16
  Block: Kite shield       ||    10
